 Dungeon Crawl Stone Soup version 0.24-a0-254-gf493760 (webtiles) character file.

Game seed: 7161721262707614519

452 CanOfBees the Covert (level 6, 0/28 HPs)
             Began as a Spriggan Enchanter on Apr 18, 2019.
             Succumbed to an adder's poison
             ... on level 4 of the Dungeon.
             The game lasted 00:11:14 (7189 turns).

CanOfBees the Covert (Spriggan Enchanter)           Turns: 7189, Time: 00:11:16

Health: 0/28       AC:  4    Str:  4    XL:     6   Next: 75%
Magic:  2/11       EV: 20    Int: 17    God:
Gold:   177        SH:  0    Dex: 21    Spells: 4/10 levels left

rFire    . . .     SeeInvis +   a - +1 dagger
rCold    . . .     Gourm    .   (shield restricted)
rNeg     . . .     Faith    .   b - +0 robe
rPois    .         Spirit   .   (helmet restricted)
rElec    .         Reflect  .   (no cloak)
rCorr    .         Harm     .   (gloves unavailable)
MR       ++...                  (boots unavailable)
Stlth    ++++......             (no amulet)
HPRegen  0.09/turn              q - ring of protection from magic
MPRegen  0.12/turn              t - +3 ring of dexterity

@: lethally poisoned (0 -> -9), very quick
A: very small, unfitting armour, antennae 1, molten scales 1, see invisible,
agile 1, dopey 1, herbivore, speed 3, slow metabolism 2
a: no special abilities


You were on level 4 of the Dungeon.
You were near starving.

You visited 1 branch of the dungeon, and saw 4 of its levels.

You collected 177 gold pieces.

Inventory:

Hand Weapons
 a - a +1 dagger (weapon)
 p - a +0 hunting sling
Missiles
 c - 2 needles of sleeping
 f - 37 sling bullets
 h - 67 arrows
 j - 9 tomahawks (quivered)
 l - 161 stones
Armour
 b - a +0 robe (worn)
Jewellery
 q - a ring of protection from magic (left hand)
 s - an uncursed ring of see invisible
 t - a +3 ring of dexterity (right hand)
Scrolls
 k - 6 scrolls of identify
 m - a scroll of remove curse
 n - a scroll of noise {unknown}
 r - 2 scrolls of teleportation {unknown}
 w - a scroll of immolation {unknown}
 y - a scroll of amnesia {unknown}
 z - a scroll of blinking {unknown}
Potions
 e - 2 potions of mutation
 g - 4 potions of flight
 i - a potion of curing {unknown}
 o - a potion of agility {unknown}
 u - a potion of degeneration {unknown}
 v - a potion of brilliance {unknown}
 x - a potion of haste {unknown}
Comestibles
 d - 5 rations


   Skills:
 + Level 3.9 Short Blades
 + Level 4.1 Dodging
 - Level 8.0 Stealth
 - Level 2.6 Spellcasting
 * Level 5.9 Hexes


You had 4 spell levels left.
You knew the following spells:

 Your Spells              Type           Power        Failure   Level  Hunger
a - Corona                Hex            ###....      1%          1    #......
b - Ensorcelled Hibernat  Hex/Ice        ##....       9%          2    ##.....
c - Confuse               Hex            ###.....     4%          3    ###....

Your spell library contained the following spells:

 Spells                   Type           Power        Failure   Level  Hunger
 Tukima's Dance           Hex            ###.....     4%          3    ###....
 Dazzling Spray           Conj/Hex       ##....       16%         3    ###....


Dungeon Overview and Level Annotations

Branches:
Dungeon (4/15)
 Temple: D:4-7

Altars:
Cheibriados
Qazlal
Xom
Zin
The Shining One


Innate Abilities, Weirdness & Mutations

You are very small and have problems with some larger weapons.
You are too small for most types of armour.
You have supernaturally acute eyesight. (SInv)
You are a herbivore.
You cover ground extremely quickly.
You need to consume almost no food.
You have a pair of small antennae on your head.
You are partially covered in molten scales. (AC +2)
You are agile. (Dex +2)
You are dopey. (Int -2)


Message History

You miss the adder.
You feel sick. The adder bites you.
* * * LOW HITPOINT WARNING * * *
You are lethally poisoned!
The adder poisons you!
You closely miss the adder. The adder bites you but does no damage.
You miss the adder.
* * * LOW HITPOINT WARNING * * *
You feel sick. The adder bites you.
* * * LOW HITPOINT WARNING * * *
Casting: Ensorcelled Hibernation (safe; 7% risk of failure)
Confirm with . or Enter, or press ? or * to list all spells.
Aiming: Ensorcelled Hibernation (safe; 7% risk of failure)
Press: ? - help, Shift-Dir - straight line, f - adder
Aim: an adder (chance to defeat MR: 52%)
Okay, then.
It was a potion of mutation.
You feel extremely strange.
You feel stupid.
Molten scales grow over part of your body.
A pair of antennae grows on your head!
You feel agile.
You die...

#......#...#.......#
#......#...#.......###
#......#...#.......#..
#......#...#.......#..
#######......#...'.......#..
#.........S..#...#.......##'
#......#######...####'###...
#......#...S##...##.....#...
#......'†..@##...##.....#...
#......####'##...##.....#...
#......#....##...##.....#...
#......#.........#..<...#...
########.........'......'...
####+###..÷########...
#......###'#......†...
#..................##'
#..................#..


You could see an adder.

Vanquished Creatures
  2 scorpions (D:4)
  A hound (D:4)
  An orc priest (D:3)
  Crazy Yiuf (D:2)
  Jessica (D:3)
  Terence (D:2)
  2 worker ants (D:4)
  An orc wizard (D:4)
  Robin (D:2)
  3 adders
  An ooze (D:3)
  A worm (D:2)
  A dart slug (D:4)
  8 orcs (D:4)
  11 giant cockroaches
  15 goblins
  11 hobgoblins
  4 jackals (D:1)
  2 quokkas
  A ball python (D:2)
  5 bats
  2 frilled lizards
  4 kobolds
  9 rats
89 creatures vanquished.

Notes
Turn   | Place    | Note
-------+----------+-------------------------------------------
     0 | D:1      | CanOfBees the Spriggan Enchanter began the quest for the
                  | Orb.
     0 | D:1      | Reached XP level 1. HP: 9/9 MP: 5/5
   472 | D:1      | Reached skill level 5 in Stealth
   472 | D:1      | Reached XP level 2. HP: 13/13 MP: 6/6
   479 | D:1      | Learned a level 2 spell: Ensorcelled Hibernation
  1775 | D:2      | Reached XP level 3. HP: 16/16 MP: 5/8
  1882 | D:2      | Learned a level 3 spell: Confuse
  2384 | D:2      | Found a runed translucent door.
  2385 | D:2      | Noticed Crazy Yiuf
  2392 | D:2      | Killed Crazy Yiuf
  2392 | D:2      | Reached skill level 6 in Stealth
  2519 | D:2      | Noticed Terence
  2521 | D:2      | Killed Terence
  2521 | D:2      | Reached XP level 4. HP: 21/21 MP: 6/9
  2607 | D:2      | Noticed Robin
  3079 | D:2      | Killed Robin
  3614 | D:2      | Found a glowing silver altar of Zin.
  3630 | D:2      | Reached skill level 7 in Stealth
  3848 | D:3      | Found a glowing golden altar of the Shining One.
  3870 | D:3      | Reached XP level 5. HP: 20/24 MP: 10/10
  4347 | D:3      | Noticed Jessica
  4352 | D:3      | Killed Jessica
  4368 | D:3      | Found a snail-covered altar of Cheibriados.
  4368 | D:3      | Found a stormy altar of Qazlal.
  4369 | D:3      | Found a shimmering altar of Xom.
  5419 | D:4      | Reached skill level 5 in Hexes
  5490 | D:4      | Reached skill level 8 in Stealth
  5544 | D:4      | Reached XP level 6. HP: 3/28 MP: 4/11
  7188 | D:4      | HP: 1/28 [adder (4)]
  7189 | D:4      | Gained mutation: You are dopey. (Int -2) [potion of
                  | mutation]
  7189 | D:4      | Gained mutation: You are partially covered in molten
                  | scales. (AC +2) [potion of mutation]
  7189 | D:4      | Gained mutation: You have a pair of small antennae on your
                  | head. [potion of mutation]
  7189 | D:4      | Gained mutation: You are agile. (Dex +2) [potion of
                  | mutation]
  7189 | D:4      | Succumbed to an adder's poison

Levels and vault maps discovered:
D:1:      dpeg_arrival_round_b, layout_basic, minmay_worlds_worst_comb
D:2:      layout_loops_corners, lemuel_doored_altar, first_ration, minivault_14,
          uniq_robin, uniq_crazy_yiuf_cottage, uniq_terence
D:3:      layout_basic, old_standard_altar,
          chequers_temple_overflow_statue_of_worship, uniq_jessica
D:4:      layout_gridville

Skill      XL: |  1  2  3  4  5  6 |
---------------+-------------------+-----
Stealth        | 5 6 7 8 |  8.0
Hexes          | 4 5 |  5.9
Short Blades   | 2 3 |  3.9
Dodging        | 4 |  4.1
Spellcasting   | |  2.6

Action                   |  1- 3 |  4- 6 || total
-------------------------+-------+-------++-------
Melee: Dagger            |   111 |   285 ||   396
Throw: Tomahawk          |     1 |     4 ||     5
 Cast: Ensorcelled Hiber |     7 |    17 ||    24
       Corona            |     2 |     2 ||     4
       Confuse           |       |    18 ||    18
  Use: Scroll            |       |     3 ||     3
       Potion            |       |     1 ||     1
 Stab: Sleeping          |    16 |    24 ||    40
       Confused          |       |     8 ||     8
  Eat: Ration            |       |     3 ||     3
Armor: Robe              |    13 |    17 ||    30
Dodge: Dodged            |    93 |   211 ||   304

Table legend:
 A = Non-vault XP
 B = Vault XP
 C = Vault XP percentage of total XP
 D = Non-vault monster count
 E = Vault monster count
 F = Vault count percentage of total count
                 A         B        C        D         E       F
            +---------+---------+-------+---------+---------+-------
      Total |     489 |     157 |  24.3 |      71 |      18 |  20.2
            +---------+---------+-------+---------+---------+-------
        D:1 |      25 |       8 |  24.2 |      17 |       4 |  19.0
        D:2 |      44 |     112 |  71.8 |      18 |      13 |  41.9
        D:3 |      87 |      37 |  29.8 |      17 |       1 |   5.6
        D:4 |     333 |       0 |   0.0 |      19 |       0 |   0.0
            +---------+---------+-------+---------+---------+-------
